APL (24 & UNDER)
STATE COLLEGE SPIKES @ MONTGOMERY GREY SOX
04/12/2030
 
TOP OF THE 1ST
State College Spikes batting - Pitching for Montgomery Grey Sox : LHP Ruggiero Bianchi
Pitching: LHP Ruggiero Bianchi
Batting: LHB William Mitchell 0-0: Foul Ball, location: 2F
0-1: Ground out 4-3 (Groundball, 4M)
Batting: LHB Ángel Figueiedo 0-0: Foul Ball, location: 2F
0-1: Ball
1-1: Foul Ball, location: 2F
1-2: Strikes out swinging
Batting: RHB Iván Romero 0-0: Called Strike
0-1: Swinging Strike
0-2: Strikes out swinging
Top of the 1st over - 0 runs, 0 hits, 0 errors, 0 left on base; State College 0 - Montgomery 0
BOTTOM OF THE 1ST
Montgomery Grey Sox batting - Pitching for State College Spikes : RHP Esteban Garza
Pitching: RHP Esteban Garza
Batting: RHB Norman Hopkins 0-0: SINGLE (Groundball, 4S) (infield hit)
Batting: RHB Randall James 0-0: Ball
1-0: Foul Ball, location: 2F
1-1: Grounds into double play, 5-4-3 (Groundball, 56)
Batting: LHB Marcos Féliz 0-0: Ball
1-0: Called Strike
1-1: Called Strike
1-2: Ball
2-2: SINGLE (Line Drive, 9LS)
Batting: RHB Pedro Castro 0-0: Fly out, F6 (Popup, 6MD)
Bottom of the 1st over - 0 runs, 2 hits, 0 errors, 1 left on base; State College 0 - Montgomery 0
TOP OF THE 2ND
State College Spikes batting - Pitching for Montgomery Grey Sox : LHP Ruggiero Bianchi
Batting: SHB Patrizio Batistuta 0-0: Foul Ball, location: 2F
0-1: Foul Ball, location: 2F
0-2: Strikes out swinging
Batting: RHB Victor Gilbert 0-0: Ground out U3 (Groundball, 3L)
Batting: RHB Daniel Martínez 0-0: Ball
1-0: Called Strike
1-1: Fly out, F8 (Flyball, 8LM)
Top of the 2nd over - 0 runs, 0 hits, 0 errors, 0 left on base; State College 0 - Montgomery 0
BOTTOM OF THE 2ND
Montgomery Grey Sox batting - Pitching for State College Spikes : RHP Esteban Garza
Batting: LHB José Castillo 0-0: Ball
1-0: Fly out, F9 (Line Drive, 9S)
Batting: RHB Andrew Lewis 0-0: Ball
1-0: Foul Ball, location: 2F
1-1: Ball
2-1: Ground out 5-3 (Groundball, 5)
Batting: SHB Rob Lowe 0-0: Ball
1-0: Ball
2-0: Ball
3-0: Called Strike
3-1: Base on Balls
Batting: RHB Joe LaFontaine 0-0: Called Strike
0-1: Fly out, F7 (Flyball, 7LMF)
Bottom of the 2nd over - 0 runs, 0 hits, 0 errors, 1 left on base; State College 0 - Montgomery 0
TOP OF THE 3RD
State College Spikes batting - Pitching for Montgomery Grey Sox : LHP Ruggiero Bianchi
Batting: RHB Jorge Molina 0-0: Ball
1-0: Ball
2-0: SINGLE (Line Drive, 9S)
Batting: RHB Héctor Villarreal 0-0: Ball
1-0: Called Strike
1-1: Ball
2-1: Fly out, F8 (Line Drive, 8RD)
Batting: RHB Gustavo Martínez 0-0: Called Strike
0-1: Ball
1-1: Fly out, F9 (Flyball, 9S)
Batting: LHB William Mitchell 0-0: Called Strike
0-1: Foul Ball, location: 2F
0-2: SINGLE (Groundball, 56D)
Jorge Molina to second
Batting: LHB Ángel Figueiedo 0-0: Ball
1-0: Fly out, F3 (Line Drive, 3S)
Top of the 3rd over - 0 runs, 2 hits, 0 errors, 2 left on base; State College 0 - Montgomery 0
BOTTOM OF THE 3RD
Montgomery Grey Sox batting - Pitching for State College Spikes : RHP Esteban Garza
Batting: RHB Arturo Camacho 0-0: Ball
1-0: Ball
2-0: Ball
3-0: Ground out 5-3 (Groundball, 56S)
Batting: RHB Norman Hopkins 0-0: Ball
1-0: Ball
2-0: Foul Ball, location: 2F
2-1: Ground out 6-3 (Groundball, 6)
Batting: RHB Randall James 0-0: Called Strike
0-1: Ball
1-1: Ball
2-1: Fly out, F8 (Flyball, 8LXD)
Bottom of the 3rd over - 0 runs, 0 hits, 0 errors, 0 left on base; State College 0 - Montgomery 0
TOP OF THE 4TH
State College Spikes batting - Pitching for Montgomery Grey Sox : LHP Ruggiero Bianchi
Batting: RHB Iván Romero 0-0: Ground out 5-3 (Groundball, 5)
Batting: SHB Patrizio Batistuta 0-0: Ball
1-0: Ball
2-0: Foul Ball, location: 2F
2-1: SINGLE (Groundball, 6M) (infield hit)
Batting: RHB Victor Gilbert 0-0: Foul Ball, location: 2F
0-1: Swinging Strike
0-2: Foul Ball, location: 2F
0-2: Strikes out swinging
Batting: RHB Daniel Martínez 0-0: Ball
1-0: Ball
2-0: Ball
3-0: Called Strike
3-1: Foul Ball, location: 2F
3-2: Ground out 5-3 (Groundball, 56)
Top of the 4th over - 0 runs, 1 hit, 0 errors, 1 left on base; State College 0 - Montgomery 0
BOTTOM OF THE 4TH
Montgomery Grey Sox batting - Pitching for State College Spikes : RHP Esteban Garza
Batting: LHB Marcos Féliz 0-0: Ball
1-0: Fly out, F9 (Flyball, 9S)
Batting: RHB Pedro Castro 0-0: Called Strike
0-1: Swinging Strike
0-2: Foul Ball, location: 2F
0-2: Foul Ball, location: 2F
0-2: Ball
1-2: Ball
2-2: Ball
3-2: Strikes out looking
Batting: LHB José Castillo 0-0: Fly out, F8 (Line Drive, 89D)
Bottom of the 4th over - 0 runs, 0 hits, 0 errors, 0 left on base; State College 0 - Montgomery 0
TOP OF THE 5TH
State College Spikes batting - Pitching for Montgomery Grey Sox : LHP Ruggiero Bianchi
Batting: RHB Jorge Molina 0-0: DOUBLE (Line Drive, 7D)
Batting: LHB Tom McTier 0-0: Foul Ball, location: 2F
0-1: SINGLE (Line Drive, 89S)
Jorge Molina to third
Batting: RHB Gustavo Martínez 0-0: Called Strike
0-1: Fly out, F9 (Flyball, 89M)
Runner from 3rd tags up, SCORES, no throw
Batting: LHB William Mitchell 0-0: Called Strike
0-1: Ball
1-1: Swinging Strike
1-2: Foul Ball, location: 2F
1-2: DOUBLE (Groundball, 5L)
Tom McTier to third
Batting: LHB Ángel Figueiedo 0-0: Ball
1-0: Swinging Strike
1-1: SINGLE (Groundball, 3D)
Tom McTier scores
William Mitchell to third
Runner from 3rd tries for Home, SAFE, no throw
Batting: RHB Iván Romero 0-0: Called Strike
0-1: Ball
1-1: Called Strike
1-2: Foul Ball, location: 2F
1-2: Foul Ball, location: 2F
1-2: Ball
2-2: Ball
3-2: Foul Ball, location: 2F
3-2: Base on Balls
Ángel Figueiedo to second
Batting: SHB Patrizio Batistuta 0-0: Called Strike
0-1: Ball
1-1: SINGLE (Line Drive, 6)
Ángel Figueiedo to third
Iván Romero to second
Runner from 3rd tries for Home, SAFE, no throw
Batting: RHB Victor Gilbert 0-0: Called Strike
0-1: Ball
1-1: Ball
2-1: SINGLE (Flyball, 78S)
Iván Romero to third
Patrizio Batistuta to second
Runner from 3rd tries for Home, SAFE, no throw
Pitching: RHP Josh Jenkins
Batting: RHB Daniel Martínez 0-0: Fielders Choice at 2nd, 3-6 (Groundball, 3)
Patrizio Batistuta to third
Batting: RHB Jorge Molina 0-0: Ball
1-0: Called Strike
1-1: Swinging Strike
1-2: Strikes out swinging
Top of the 5th over - 5 runs, 6 hits, 0 errors, 2 left on base; State College 5 - Montgomery 0
BOTTOM OF THE 5TH
Montgomery Grey Sox batting - Pitching for State College Spikes : RHP Esteban Garza
Now in CF: Tom McTier
Batting: RHB Andrew Lewis 0-0: Ball
1-0: Ground out 5-3 (Groundball, 5S)
Batting: SHB Rob Lowe 0-0: Foul Ball, location: 2F
0-1: Swinging Strike
0-2: Ball
1-2: Ball
2-2: Ball
3-2: Base on Balls
Batting: RHB Joe LaFontaine 0-0: Ball
Rob Lowe steals 2nd base
1-0: Fly out, F9 (Flyball, 89D)
Runner from 2nd tags up, SAFE at 3rd, no throw
Batting: RHB Arturo Camacho 0-0: Ball
1-0: Called Strike
1-1: SINGLE (Line Drive, 56D)
Rob Lowe scores
Batting: RHB Norman Hopkins 0-0: Ball
Arturo Camacho steals 2nd base
1-0: Ball
2-0: Called Strike
2-1: Ball
3-1: Foul Ball, location: 2F
3-2: Strikes out swinging
Bottom of the 5th over - 1 run, 1 hit, 0 errors, 1 left on base; State College 5 - Montgomery 1
TOP OF THE 6TH
State College Spikes batting - Pitching for Montgomery Grey Sox : RHP Josh Jenkins
Batting: LHB Tom McTier 0-0: Called Strike
0-1: Swinging Strike
0-2: Fly out, F9 (Flyball, 9S)
Batting: RHB Gustavo Martínez 0-0: Ball
1-0: Swinging Strike
1-1: Ground out 5-3 (Groundball, 56)
Batting: LHB William Mitchell 0-0: Ball
1-0: Ball
2-0: Called Strike
2-1: Swinging Strike
2-2: Strikes out swinging
Top of the 6th over - 0 runs, 0 hits, 0 errors, 0 left on base; State College 5 - Montgomery 1
BOTTOM OF THE 6TH
Montgomery Grey Sox batting - Pitching for State College Spikes : RHP Esteban Garza
Batting: RHB Randall James 0-0: Called Strike
0-1: Ball
1-1: Ball
2-1: Swinging Strike
2-2: Ball
3-2: SINGLE (Line Drive, 8LS)
Batting: LHB Marcos Féliz 0-0: Foul Ball, location: 2F
0-1: Ball
1-1: DOUBLE (Line Drive, 78D)
Randall James to third
Runner from 3rd tries for Home, SAFE, no throw
Batting: RHB Pedro Castro 0-0: Fly out, F9 (Flyball, 9LSF)
Batting: LHB José Castillo 0-0: Ground out U3 (Groundball, 34)
Marcos Féliz to third
Batting: RHB Andrew Lewis 0-0: Ball
1-0: Fly out, F5 (Popup, 56S)
Bottom of the 6th over - 1 run, 2 hits, 0 errors, 1 left on base; State College 5 - Montgomery 2
TOP OF THE 7TH
State College Spikes batting - Pitching for Montgomery Grey Sox : RHP Josh Jenkins
Batting: LHB Ángel Figueiedo 0-0: Ball
1-0: Called Strike
1-1: DOUBLE (Flyball, 8RD)
Batting: RHB Iván Romero 0-0: Ball
1-0: Foul Ball, location: 2F
1-1: Called Strike
1-2: Ball
2-2: Ball
3-2: Fly out, F4 (Popup, 4)
Batting: SHB Patrizio Batistuta 0-0: Foul Ball, location: 2F
0-1: Called Strike
0-2: Strikes out swinging
Batting: RHB Victor Gilbert 0-0: Ground out 4-3 (Groundball, 34)
Top of the 7th over - 0 runs, 1 hit, 0 errors, 1 left on base; State College 5 - Montgomery 2
BOTTOM OF THE 7TH
Montgomery Grey Sox batting - Pitching for State College Spikes : RHP Esteban Garza
Batting: SHB Rob Lowe 0-0: Swinging Strike
0-1: Ball
1-1: Called Strike
1-2: Fly out, F8 (Flyball, 8LS)
Batting: RHB Joe LaFontaine 0-0: Foul Ball, location: 2F
0-1: Foul Ball, location: 2F
0-2: Ball
1-2: Foul Ball, location: 2F
1-2: Ball
2-2: Ball
3-2: Base on Balls
Batting: RHB Arturo Camacho 0-0: Ball
1-0: Ball
2-0: Swinging Strike
2-1: Ball
3-1: Swinging Strike
3-2: Base on Balls
Joe LaFontaine to second
Batting: RHB Norman Hopkins 0-0: Ball
Wild Pitch!
Joe LaFontaine to third
Arturo Camacho to second
1-0: Called Strike
1-1: Swinging Strike
1-2: DOUBLE (Groundball, 5L)
Joe LaFontaine scores
Arturo Camacho scores
Pitching: LHP Joe Jewell
Batting: RHB Randall James 0-0: Called Strike
0-1: Foul Ball, location: 2F
0-2: Ball
1-2: Ball
2-2: Ball
3-2: Base on Balls
Pinch Hitting: RHB Jorge Guzmán 0-0: Fielders Choice at 2nd, 1-4 (Groundball, 15)
Norman Hopkins to third
Batting: RHB Pedro Castro 0-0: Foul Ball, location: 2F
0-1: Ball
1-1: Called Strike
1-2: Strikes out swinging
Bottom of the 7th over - 2 runs, 1 hit, 0 errors, 2 left on base; State College 5 - Montgomery 4
TOP OF THE 8TH
State College Spikes batting - Pitching for Montgomery Grey Sox : RHP Josh Jenkins
Now in LF: Jorge Guzmán
Batting: RHB Daniel Martínez 0-0: Foul Ball, location: 2F
0-1: Foul Ball, location: 2F
0-2: Ball
1-2: Ground out 5-3 (Groundball, 56S)
Batting: RHB Jorge Molina 0-0: Ball
1-0: Fly out, F4 (Line Drive, 4)
Batting: LHB Tom McTier 0-0: Ball
1-0: Called Strike
1-1: Ball
2-1: Swinging Strike
2-2: Strikes out looking
Top of the 8th over - 0 runs, 0 hits, 0 errors, 0 left on base; State College 5 - Montgomery 4
BOTTOM OF THE 8TH
Montgomery Grey Sox batting - Pitching for State College Spikes : LHP Joe Jewell
Batting: LHB José Castillo 0-0: Foul Ball, location: 2F
0-1: Called Strike
0-2: Ball
1-2: SINGLE (Flyball, 7S)
Pitching: RHP Greg Ward
Batting: RHB Andrew Lewis 0-0: Bunted foul
0-1: Sac Bunt - play at first, batter OUT! 5-4
José Castillo to second
Batting: SHB Rob Lowe 0-0: Foul Ball, location: 2F
0-1: Ball
1-1: Ball
2-1: DOUBLE (Line Drive, 89S)
José Castillo scores
Pinch Hitting: RHB Marvin Kidd 0-0: Intentional Walk
Pinch Hitting: RHB Luis Pineda 0-0: Foul Ball, location: 2F
0-1: Fly out, F9 (Flyball, 9)
Pinch Hitting: LHB Juan Sánchez 0-0: Ball
1-0: Ball
2-0: Called Strike
2-1: Fly out, F8 (Flyball, 78M)
Bottom of the 8th over - 1 run, 2 hits, 0 errors, 2 left on base; State College 5 - Montgomery 5
TOP OF THE 9TH
State College Spikes batting - Pitching for Montgomery Grey Sox : RHP Josh Jenkins
Now at 2B: Alberto García
Now at SS: António Nevárez
Now in RF: Marvin Kidd
Pinch Hitting: RHB Mike Hurt 0-0: Called Strike
0-1: Swinging Strike
0-2: Strikes out swinging
Pinch Hitting: RHB David Silva 0-0: Fly out, F8 (Flyball, 8LS)
Batting: LHB Ángel Figueiedo 0-0: Ball
1-0: Ball
2-0: Called Strike
2-1: Swinging Strike
2-2: Strikes out swinging
Top of the 9th over - 0 runs, 0 hits, 0 errors, 0 left on base; State College 5 - Montgomery 5
BOTTOM OF THE 9TH
Montgomery Grey Sox batting - Pitching for State College Spikes : RHP Greg Ward
Pitching: RHP Eric Murphy
Now at 2B: David Silva
Now in RF: Mike Hurt
Batting: RHB Randall James 0-0: Called Strike
0-1: Ball
1-1: Foul Ball, location: 2F
1-2: Ball
2-2: Ball
3-2: Foul Ball, location: 2F
3-2: Base on Balls
Batting: RHB Jorge Guzmán 0-0: Swinging Strike
0-1: Foul Ball, location: 2F
0-2: SINGLE (Flyball, 9S)
Randall James to second
Runner from 2nd tries for 3rd, OUT!
Pinch Runner at 1st Julius Farmer:
Batting: RHB Pedro Castro 0-0: Called Strike
Julius Farmer steals 2nd base
0-1: Foul Ball, location: 2F
0-2: Ball
1-2: Ball
2-2: Foul Ball, location: 2F
2-2: Ball
3-2: Intentional Walk
Batting: LHB José Castillo 0-0: Ball
1-0: Ball
2-0: Swinging Strike
2-1: Ball
3-1: Base on Balls
Julius Farmer to third
Pedro Castro to second
Batting: RHB Andrew Lewis 0-0: Ball
1-0: Foul Ball, location: 2F
1-1: Called Strike
1-2: Grounds into fielders choice 6-2 (Groundball, 6)
Pedro Castro to third
José Castillo to second
Batting: SHB Rob Lowe 0-0: Fly out, F1 (Line Drive, 13S)
Bottom of the 9th over - 0 runs, 1 hit, 0 errors, 3 left on base; State College 5 - Montgomery 5
TOP OF THE 10TH
State College Spikes batting - Pitching for Montgomery Grey Sox : RHP Josh Jenkins
Now at SS: Julius Farmer
Batting: RHB Iván Romero 0-0: Called Strike
0-1: Ball
1-1: Hit by Pitch
Batting: SHB Patrizio Batistuta 0-0: Foul Ball, location: 2F
0-1: Ball
1-1: Foul Ball, location: 2F
1-2: Strikes out swinging
Batting: RHB Victor Gilbert 0-0: Ball
1-0: Ball
2-0: Foul Ball, location: 2F
2-1: Ball
3-1: Called Strike
3-2: Fly out, F5 (Line Drive, 5L)
Pitching: RHP Gabriel Durán
Batting: RHB Daniel Martínez 0-0: Called Strike
0-1: Ball
1-1: Ball
2-1: Ball
3-1: Called Strike
3-2: Base on Balls
Iván Romero to second
Batting: RHB Jorge Molina 0-0: Called Strike
0-1: Called Strike
0-2: DOUBLE (Flyball, 89XD)
Iván Romero scores
Daniel Martínez to third
Batting: LHB Tom McTier 0-0: Ball
1-0: 3-RUN HOME RUN (Flyball, 9D), Distance : 374 ft
Pitching: RHP Tom Reed
Batting: RHB Mike Hurt 0-0: Ball
1-0: Ball
2-0: Foul Ball, location: 2F
2-1: SINGLE (Line Drive, 8RS)
Batting: RHB David Silva 0-0: Ball
1-0: Ball
2-0: Ball
3-0: Called Strike
3-1: SINGLE (Groundball, 4) (infield hit)
Mike Hurt to second
Batting: LHB Ángel Figueiedo 0-0: Foul Ball, location: 2F
0-1: Ball
1-1: SINGLE (Groundball, 34D)
Mike Hurt to third
David Silva to second
Runner from 3rd tries for Home, SAFE, no throw
Batting: RHB Iván Romero 0-0: Ball
1-0: DOUBLE (Flyball, 8RD)
David Silva scores
Ángel Figueiedo to third
Runner from 3rd tries for Home, SAFE, no throw
Batting: SHB Patrizio Batistuta 0-0: Called Strike
0-1: Called Strike
0-2: Strikes out swinging
Top of the 10th over - 7 runs, 6 hits, 0 errors, 1 left on base; State College 12 - Montgomery 5
BOTTOM OF THE 10TH
Montgomery Grey Sox batting - Pitching for State College Spikes : RHP Eric Murphy
Pitching: RHP Billy Davis
Batting: RHB Marvin Kidd 0-0: Ball
1-0: Fly out, F4 (Line Drive, 4)
Batting: RHB António Nevárez 0-0: Ball
1-0: Ball
2-0: Swinging Strike
2-1: Swinging Strike
2-2: Strikes out looking
Batting: SHB Alberto García 0-0: Called Strike
0-1: Swinging Strike
0-2: Strikes out swinging wild pitch, reaches first!
Batting: RHB Randall James 0-0: Ball
1-0: Fly out, F8 (Flyball, 89M)
Bottom of the 10th over - 0 runs, 0 hits, 0 errors, 1 left on base; State College 12 - Montgomery 5
Saturday, April 7th, 2018 - OOTP Baseball 18.8 Build 76